 Dungeon Crawl Stone Soup version 0.24-a0-417-g1cce26a4d2 (webtiles) character file.

Game seed: 15985565166216045299

1 yoda5477 the Grave Robber (level 1, -3/13 HPs)
             Began as a Vampire Necromancer on June 10, 2019.
             Slain by a goblin
             ... wielding a +2 dagger of electrocution
              (12 damage)
             ... on level 1 of the Dungeon.
             The game lasted 00:01:34 (156 turns).

yoda5477 the Grave Robber (Vampire Necromancer)      Turns: 156, Time: 00:01:34

Health: -3/13      AC:  2    Str:  7    XL:     1   Next: 16%
Magic:  3/3        EV: 12    Int: 17    God:
Gold:   20         SH:  0    Dex: 14    Spells: 2/4 levels left

rFire    . . .     SeeInvis +   e - +0 dagger
rCold    . . .     Gourm    .   (no shield)
rNeg     . . .     Faith    .   a - +0 robe
rPois    .         Spirit   .   (no helmet)
rElec    .         Reflect  .   (no cloak)
rCorr    .         Harm     .   (no gloves)
MR       .....                  (no boots)
Stlth    ++........             (no amulet)
HPRegen  0.24/turn              (no ring)
MPRegen  0.08/turn              (no ring)

@: regenerating quickly
A: no food, fangs 3, see invisible, unbreathing
a: Exsanguinate


You were on level 1 of the Dungeon.
You were alive.

You visited 1 branch of the dungeon, and saw 2 of its levels.

You collected 20 gold pieces.

Inventory:

Hand Weapons
 e - a +0 dagger (weapon)
Missiles
 b - 41 stones (quivered)
Armour
 a - a +0 robe (worn)
Scrolls
 d - a scroll of immolation {unknown}
Potions
 c - a potion of curing {unknown}


   Skills:
 * Level 2.1 Dodging
 + Level 3.0 Stealth
 + Level 2.0 Spellcasting
 + Level 4.4 Necromancy


You had 2 spell levels left.
You knew the following spells:

 Your Spells              Type           Power        Failure   Level  Hunger
a - Pain                  Necr           ###.         3%          1    N/A
b - Animate Skeleton      Necr           N/A          3%          1    N/A

Your spell library contained the following spells:

 Spells                   Type           Power        Failure   Level  Hunger
 Vampiric Draining        Necr           ###.......   10%         3    N/A
 Regeneration             Chrm/Necr      #.........   24%         3    N/A
 Animate Dead             Necr           N/A          30%         4    N/A

Dungeon Overview and Level Annotations

Branches:
Dungeon (2/15)

Altars:


Innate Abilities, Weirdness & Mutations

You do not eat.
Your natural rate of healing is unusually fast.
You have razor-sharp teeth.
You have supernaturally acute eyesight. (SInv)
You can survive without breathing.


Message History

Press: ? - help, Dir - move target cursor, f - goblin
Aim: a goblin, wielding a +2 dagger of electrocution Attack!
The goblin hits you with a +2 dagger of electrocution.
Your frilled lizard skeleton closely misses the goblin.
A kobold comes into view.
You hit the goblin.
The goblin is moderately wounded.
The goblin closely misses you.
Your frilled lizard skeleton misses the goblin.
You hit the goblin.
The goblin is heavily wounded.
The goblin completely misses you.
Your frilled lizard skeleton barely misses the goblin.
You hit the goblin but do no damage.
The goblin is heavily wounded.
The goblin hits you with a +2 dagger of electrocution.
You are electrocuted!
Ouch! That really hurt!
You die...

#####.# ###
#Zg.K.# ..#
#@##### ..## #.#
...# ###%# ...#
#...#
...#######.
#.###
##......... #.#
.....#########.#
####..........>#
♣♣♣#############


You could see a goblin, a kobold and a friendly frilled lizard skeleton.

Vanquished Creatures
  2 frilled lizards (D:1)
2 creatures vanquished.

Notes
Turn   | Place    | Note
-------+----------+-------------------------------------------
     0 | D:1      | yoda5477 the Vampire Necromancer began the quest for the
                  | Orb.
     0 | D:1      | Reached XP level 1. HP: 13/13 MP: 3/3
   116 | D:1      | Learned a level 1 spell: Animate Skeleton
   156 | D:1      | Slain by a goblin

Levels and vault maps discovered:
D:1:      psy_arrival_wood_between_worlds, layout_basic,
          corexii_item_surrounded_by_moat, minmay_misc_feat_x,
          serial_bayou_pond_b, interstate_on_off
D:2:      layout_loops_corners, minmay_misc_feat_five,
          nicolae_dithmenos_through_a_glass_darkly

Action                   || total
-------------------------++-------
Melee: Dagger            ||     3
 Cast: Pain              ||     3
       Animate Skeleton  ||     1
Armor: Robe              ||     1
Dodge: Dodged            ||     3

Table legend:
 A = Non-vault XP
 B = Vault XP
 C = Vault XP percentage of total XP
 D = Non-vault monster count
 E = Vault monster count
 F = Vault count percentage of total count
                 A         B        C        D         E       F
            +---------+---------+-------+---------+---------+-------
      Total |       2 |       0 |   0.0 |       2 |       0 |   0.0
            +---------+---------+-------+---------+---------+-------
        D:1 |       2 |       0 |   0.0 |       2 |       0 |   0.0
            +---------+---------+-------+---------+---------+-------
